 Dungeon Crawl Stone Soup version 0.17-a0-1954-g0dddeaa (webtiles) character file.

700 Kusio the Basher (level 7, -8/70 HPs)
             Began as an Ogre Berserker on Oct 4, 2015.
             Was a Priest of Trog.
             Mangled by an ogre
             ... wielding a +0 giant club
              (20 damage)
             ... on level 4 of the Dungeon.
             The game lasted 00:07:14 (3249 turns).

Kusio the Basher (Ogre Berserker)                   Turns: 3249, Time: 00:07:14

Health: -8/70      AC:  4    Str: 24    XL:     7   Next: 65%
Magic:  7/7        EV: 10    Int:  6    God:    Trog [***...]
Gold:   202        SH:  0    Dex: 10    Spells: 0 memorised, 6 levels left

rFire  . . .     SeeInvis .     r - +0 giant club
rCold  . . .     Clarity  .     b - +0 animal skin
rNeg   . . .     SustAt   .     (no shield)
rPois  .         Gourm    .     (helmet restricted)
rElec  .         Spirit   .     s - +0 cloak
rCorr  .         Warding  .     (gloves unavailable)
rMut   .         Stasis   .     (boots unavailable)
MR     .....                    (no amulet)
Stlth  +.........               (no ring)
                                (no ring)

@: not resistant to hostile enchantments, very unstealthy
A: unfitting armour, tough skin 1
a: Burn Spellbooks, Berserk, Trog's Hand, Renounce Religion


You were on level 4 of the Dungeon.
You worshipped Trog.
Trog was most pleased with you.
You were hungry.

You visited 1 branch of the dungeon, and saw 5 of its levels.

You collected 202 gold pieces.

Inventory:

Hand weapons
 a - a +0 mace
 r - a +0 giant club (weapon)
 v - a +0 giant spiked club
Missiles
 k - 26 poisoned needles
 p - 4 large rocks (quivered)
 w - 4 javelins
Armour
 b - a +0 animal skin (worn)
 s - a +0 cloak (worn)
Jewellery
 d - an uncursed ring of ice {unknown}
 n - an uncursed amulet of faith {unknown}
Scrolls
 e - 2 scrolls of magic mapping {unknown}
 f - 2 scrolls of enchant weapon {unknown}
 g - 5 scrolls of identify {unknown}
 i - a scroll of remove curse {unknown}
 m - a scroll of blinking {unknown}
 q - 2 scrolls of recharging {unknown}
Potions
 h - a potion of heal wounds
 j - a potion of might {unknown}
 t - 2 potions of curing
 u - a potion of poison {unknown}
Comestibles
 c - 3 bread rations
 l - 2 slices of pizza
 o - 3 meat rations


   Skills:
 - Level 4.0 Fighting
 + Level 11.2 Maces & Flails
 - Level 2.6 Dodging


You had 6 spell levels left.
You didn't know any spells.

Dungeon Overview and Level Annotations

Branches:
Dungeon (5/15)
 Temple: D:4-7

Altars:
Kikubaaqudgha
Makhleb
Zin

Shops:
D:4 %


Innate Abilities, Weirdness & Mutations

You are too large for most types of armour.
You have tough skin (AC +1).


Message History

You thump the ogre!
The ogre is moderately wounded.
The ogre hits you with a giant club!!
You sock the ogre!
The ogre is almost dead.
The quokka bites you. The ogre closely misses you. The quokka bites you.
You climb upwards.
There is a stone staircase leading down here.
You barely miss the ogre.
The ogre is almost dead.
The ogre hits you with a giant club!!
* * * LOW HITPOINT WARNING * * *
The quokka barely misses you.
You barely miss the ogre.
The ogre is almost dead.
The quokka bites you.
* * * LOW HITPOINT WARNING * * *
The ogre hits you with a giant club!!
You die...

#.#.#
#...#8....
#.#.####
#..##.....
#.#....#
#..##8....
#.####.#
#..##..... #.#
#.# #..#######
#.# #.# #..#
#.# ##.## #..#
#.###.#.###..#
#.r@O###.....#
#####.#.###..#
# ##.##
#..##### # #.#
#......# #
#.#####.###.#
# #....##.#
#.# #
####.##.#
#.### #.##.#
#.... #.##.#
#....


You could see an ogre and a quokka.

Vanquished Creatures
  3 ogres (D:4)
  A scorpion (D:4)
  A giant frog skeleton (D:4)
  An orc priest (D:3)
  Ijyb (D:4)
  A hound (D:4)
  An orc wizard (D:3)
  3 worker ants (D:4)
  8 adders
  An ooze (D:3)
  2 worms
  3 giant geckos
  8 orcs
  3 ball pythons
  5 giant cockroaches
  10 goblins
  5 hobgoblins
  16 jackals
  5 kobolds
  2 quokkas (D:4)
  5 bats
  3 giant newts
  A quokka skeleton (D:4)
  5 rats
94 creatures vanquished.

Notes
Turn   | Place    | Note
--------------------------------------------------------------
     0 | D:1      | Kusio the Ogre Berserker began the quest for the Orb.
     0 | D:1      | Reached XP level 1. HP: 24/24 MP: 1/1
   189 | D:1      | Reached XP level 2. HP: 25/32 MP: 2/2
   235 | D:1      | Reached skill level 5 in Maces & Flails
   705 | D:1      | Reached XP level 3. HP: 39/39 MP: 3/3
   983 | D:2      | Reached skill level 6 in Maces & Flails
  1027 | D:2      | Acquired Trog's second power
  1077 | D:2      | Reached XP level 4. HP: 48/48 MP: 4/4
  1417 | D:2      | Found a burning altar of Makhleb.
  1417 | D:2      | Noticed a green death
  1420 | D:2      | Noticed a ynoxinul
  1420 | D:2      | Noticed a ynoxinul
  1734 | D:3      | Reached skill level 7 in Maces & Flails
  1786 | D:3      | Found an ancient bone altar of Kikubaaqudgha.
  1789 | D:3      | Noticed Markus's ghost (average HEAr)
  1960 | D:3      | Reached XP level 5. HP: 54/54 MP: 5/5
  2037 | D:3      | Reached skill level 8 in Maces & Flails
  2335 | D:4      | Reached XP level 6. HP: 33/62 MP: 6/6
  2391 | D:4      | Reached skill level 9 in Maces & Flails
  2398 | D:4      | Found Lushautz's Food Shop.
  2465 | D:4      | Noticed an ogre
  2475 | D:4      | Killed an ogre
  2507 | D:4      | Noticed Ijyb
  2515 | D:4      | Killed Ijyb
  2680 | D:4      | Noticed an ogre
  2685 | D:4      | Noticed an ogre
  2704 | D:4      | Killed an ogre
  2704 | D:4      | Reached skill level 10 in Maces & Flails
  2704 | D:4      | Reached XP level 7. HP: 55/70 MP: 7/7
  2746 | D:4      | Killed an ogre
  2934 | D:4      | Reached skill level 11 in Maces & Flails
  3240 | D:5      | Entered Level 5 of the Dungeon
  3240 | D:5      | Found a glowing silver altar of Zin.
  3249 | D:4      | Mangled by an ogre

Vault maps used:
D:1:      onia_arrival_pyramid
D:2:      makhleb_altar_promises_db
D:3:      lemuel_crystal_altar, first_bread
D:4:      kennysheep_the_goblin_king, serial_shops, shop, serial_bayou_pond_b
D:5:      minmay_temple_entry_overgrown, hangedman_feature_mirror

Action                   |  1- 3 |  4- 6 |  7- 9 || total
-------------------------+-------+-------+-------++-------
Melee: Mace              |   116 |   159 |    34 ||   309
       Giant club        |       |       |    13 ||    13
Throw: Javelin           |     6 |    11 |     2 ||    19
       Large rock        |       |     3 |     2 ||     5
Invok: Berserk           |     1 |     2 |       ||     3
       Burn Spellbooks   |       |       |     1 ||     1
  Use: Potion            |     1 |     1 |       ||     2
 Stab: Sleeping          |       |     1 |       ||     1
  Eat: Chunk             |       |     9 |     1 ||    10
